 Dungeon Crawl Stone Soup version 0.18.1-5-g4a78601 (webtiles) character file.

62 LORDOFBUTT the Skirmisher (level 3, 0/29 HPs)
             Began as a Demonspawn Berserker on May 10, 2016.
             Was a Believer of Trog.
             Slain by a worm (7 damage)
             ... on level 2 of the Dungeon.
             The game lasted 00:01:58 (1542 turns).

LORDOFBUTT the Skirmisher (Demonspawn Berserker)    Turns: 1542, Time: 00:01:58

Health: 0/29       AC:  3    Str: 17    XL:     3   Next: 85%
Magic:  0/3        EV: 13    Int:  8    God:    Trog [**....]
Gold:   35         SH:  0    Dex: 16    Spells: 0 memorised, 2 levels left

rFire  . . .     SeeInvis .     a - +0 hand axe
rCold  . . .     Gourm    .     b - +0 animal skin
rNeg   . . .     Faith    .     (no shield)
rPois  .         Spirit   +     (no helmet)
rElec  .         Dismiss  .     k - +0 cloak (curse)
rCorr  .         Reflect  .     (no gloves)
SustAt .         Harm     .     (no boots)
MR     .....                    (no amulet)
Stlth  ++........               (no ring)
                                j - +3 ring of dexterity

@: not resistant to hostile enchantments, unstealthy
A: hooves 1, magic shield
a: Berserk, Trog's Hand, Burn Spellbooks, Renounce Religion


You were on level 2 of the Dungeon.
You worshipped Trog.
Trog was pleased with you.
You were not hungry.

You visited 1 branch of the dungeon, and saw 2 of its levels.

You collected 35 gold pieces.

Inventory:

Hand Weapons
 a - a +0 hand axe (weapon)
Armour
 b - a +0 animal skin (worn)
 k - a cursed +0 cloak (worn)
Jewellery
 h - an uncursed amulet of guardian spirit
 j - a +3 ring of dexterity (left hand)
 l - an uncursed ring of sustain attributes {unknown}
Scrolls
 d - a scroll of fear
 g - a scroll of identify {unknown}
Potions
 e - a potion of mutation {unknown}
 f - a potion of berserk rage {unknown}
 m - a potion of heal wounds {unknown}
Comestibles
 c - a bread ration
 i - 4 beef jerkies


   Skills:
 + Level 3.6 Fighting
 + Level 3.1 Axes
 + Level 1.8 Armour
 + Level 2.5 Dodging
 + Level 1.0 Stealth


You had 2 spell levels left.
You didn't know any spells.

Dungeon Overview and Level Annotations

Branches:
Dungeon (2/15)

Altars:


Innate Abilities, Weirdness & Mutations

You have large cloven feet.
When hurt, damage is shared between your health and your magic reserves.


Message History

You hit the giant gecko. Your kick misses the giant gecko.
The giant gecko is almost dead.
The giant gecko bites you but does no damage.
The giant gecko barely misses you.
You hit the giant gecko.
You kill the giant gecko!
Trog accepts your kill. The worm misses you.
You hit the worm.
The worm is lightly wounded.
The worm barely misses you.
You hit the worm. You kick the worm, but do no damage.
The worm is moderately wounded.
You barely miss the worm. Your kick misses the worm.
The worm is moderately wounded.
The worm bites you but does no damage.
You hit the worm. You kick the worm, but do no damage.
The worm is severely wounded.
The worm bites you!
You die...

###.# #.#
.#.#.# ##..#
#.# #.# ....#
#.# # #+# .#.##
#.### #.# .#.#
.. . #.# .#.#
#. ##.#######
.#.# ##.#
##.........
...# #...###
#.....#####
.### #..w@.#
##...## ##
#...#!# #..##
#####=######..#
#...)......#
##.#######[#
### #.# .# .#
[#


You could see a worm.

Vanquished Creatures
  An adder (D:2)
  An ooze (D:1)
  A worm (D:2)
  A dart slug (D:1)
  3 giant geckos
  2 ball pythons
  A giant cockroach (D:1)
  5 goblins (D:1)
  4 hobgoblins
  2 jackals (D:2)
  2 quokkas (D:2)
  5 bats
  5 giant newts
  6 kobolds
39 creatures vanquished.

Notes
Turn   | Place    | Note
--------------------------------------------------------------
     0 | D:1      | LORDOFBUTT the Demonspawn Berserker began the quest for the Orb.
     0 | D:1      | Reached XP level 1. HP: 18/18 MP: 1/1
   148 | D:1      | Gained mutation: When hurt, damage is shared between your health and your magic reserves. [demonic ancestry]
   148 | D:1      | Reached XP level 2. HP: 6/24 MP: 2/2
   907 | D:1      | Reached ** piety under Trog
   907 | D:1      | Gained mutation: You have large cloven feet. [demonic ancestry]
   907 | D:1      | Reached XP level 3. HP: 28/29 MP: 3/3
  1476 | D:2      | Reached skill level 1 in Stealth
  1542 | D:2      | Slain by a worm

Skill      XL: |  1  2  3 |
---------------+----------+-----
Axes           | 3 |  3.1
Dodging        | 2 |  2.5
Stealth        | 1 |  1.0
Fighting       | |  3.6
Armour         | |  1.8

Action                   || total
-------------------------++-------
Melee: Hand axe          ||   139
       Kick              ||    18
  Use: Scroll            ||     2
 Stab: Sleeping          ||     6
       Distracted        ||     1
  Eat: Meat ration       ||     1
Armor: Animal skin       ||    29
Dodge: Dodged            ||    98
